 Dungeon Crawl Stone Soup version 0.29.1-15-g9cfb28693d (webtiles) character file.

Game seed: 10180574892369282435

73 pizzajail the Slasher (level 4, -2/41 HPs)
             Began as a Minotaur Berserker on Jan 12, 2023.
             Was a Follower of Trog.
             Slain by a gnoll
             ... wielding a +0 halberd
              (11 damage)
             ... on level 3 of the Dungeon on Mar 10, 2023.
             The game lasted 00:22:06 (2357 turns).

pizzajail the Slasher (Minotaur Berserker)          Turns: 2357, Time: 00:22:07

Health: -2/41      AC:  2    Str: 23    XL:     4   Next: 8%
Magic:  3/3        EV: 12    Int:  4    God:    Trog [*.....]
Gold:   84         SH:  0    Dex: 10    Spells: 3/3 levels left

rFire   . . .      SeeInvis .   a - +0 falchion
rCold   . . .      Faith    .   (no shield)
rNeg    . . .      Spirit   .   b - +0 animal skin
rPois   .          Reflect  .   (helmet restricted)
rElec   .          Harm     .   (no cloak)
rCorr   .          Rampage  .   (no gloves)
Will    .....                   (no boots)
Stlth   +.........              (no amulet)
HPRegen 0.13/turn               (no ring)
MPRegen 0.08/turn               (no ring)

@: no status effects
A: horns 2, retaliatory headbutt
a: Renounce Religion, Berserk


You were on level 3 of the Dungeon.
You worshipped Trog.
Trog was aware of your devotion.
You visited 1 branch of the dungeon, and saw 3 of its levels.

You collected 84 gold pieces.

Inventory:

Hand Weapons
 a - a +0 falchion (weapon)
 c - a +0 club
 d - a +0 club
 f - a +0 dagger
 h - a +0 dagger
 j - a +0 club
 k - a +0 club
 o - a +0 war axe
 p - a +0 club
 q - a +0 club
 s - a +0 whip
 w - a +0 quarterstaff
Missiles
 e - 14 stones (quivered)
Armour
 b - a +0 animal skin (worn)
 g - a +0 pair of boots
 i - a +0 ring mail
 m - a +0 pair of gloves
 v - a +0 robe
Jewellery
 u - a ring of see invisible
 x - a ring of wizardry
Scrolls
 l - a scroll of enchant weapon {unknown}
 n - a scroll of immolation
 r - a scroll of teleportation {unknown}
 y - a scroll of poison {unknown}
Potions
 t - a potion of brilliance {unknown}


   Skills:
 + Level 4.4 Fighting
 + Level 4.8 Long Blades
 + Level 3.0 Armour
 + Level 2.5 Dodging


You had 3 spell levels left.
You didn't know any spells.
Your spell library was empty.

Dungeon Overview and Level Annotations

Branches:
Dungeon (3/15)

Altars:


Innate Abilities, Weirdness & Mutations

You have a pair of horns on your head.
You reflexively headbutt those who attack you in melee.


Message History

There is a stone staircase leading up here.
Found a scroll labelled ERHICU YFUICW.
y - a scroll labelled ERHICU YFUICW
There are no items here.
There is a stone staircase leading up here.
There is a stone staircase leading up here.
There is a stone staircase leading down here.
Unknown command.
Unknown command.
There are no items here.
Unknown command.
Unknown command.
Unknown command.
Unknown command.
You climb downwards.
The gnoll shouts!
You hear a shout!
Found a scroll labelled BEVYZI RUNKU.
There is a stone staircase leading up here.
Found 17 gold pieces.
The gnoll shouts!
A goblin comes into view. It is wielding a +0 dagger.
You hit the quokka but do no damage. The quokka closely misses you.
The rat bites you but does no damage.
You hit the quokka but do no damage. You headbutt the quokka.
The quokka is almost dead.
The quokka bites you. The rat completely misses you.
The quokka barely misses you. You furiously retaliate!
You headbutt the quokka!
You kill the quokka!
Trog accepts your kill. The gnoll hits you with a +0 flail!
The gnoll attacks as you move away! The gnoll hits you with a +0 flail!
The rat barely misses you.
The gnoll hits you from afar with a +0 halberd!
* * * LOW HITPOINT WARNING * * *
You hit the gnoll. Your punch misses the gnoll.
The gnoll is moderately wounded.
The rat bites you but does no damage. The gnoll hits you with a +0 flail.
* * * LOW HITPOINT WARNING * * *
The gnoll hits you from afar with a +0 halberd!
You die...

.........
..........
#.........
##.....#...
#.........#
#........#
#.g.....#
#ggg...###
#@r.......
#.<..#.$..
#....# ...
#....... .
#..?......
.....#....
......#....
.#####. ...
.. .. ..


You could see 3 gnolls, a goblin and a rat.

Vanquished Creatures
  3 adders (D:2)
  3 dart slugs
  4 ball pythons
  5 endoplasms
  3 giant cockroaches
  5 goblins
  3 hobgoblins
  3 kobolds (D:1)
  2 quokkas
  3 bats (D:1)
  3 frilled lizards (D:1)
  A rat (D:1)
  3 bushes (D:1)
41 creatures vanquished.

Vanquished Creatures (others)
  3 plants (D:1)
3 creatures vanquished.

Grand Total: 44 creatures vanquished

Notes
Turn   | Place    | Note
-------+----------+-------------------------------------------
     0 | D:1      | pizzajail the Minotaur Berserker began the quest for the
                  | Orb.
     0 | D:1      | Reached XP level 1. HP: 19/19 MP: 0/0
    60 | D:1      | Reached XP level 2. HP: 20/27 MP: 1/1
   347 | D:1      | Upgraded the game from 0.29.1-12-g30fa7ad0bf to
                  | 0.29.1-15-g9cfb28693d
  1243 | D:2      | Reached XP level 3. HP: 26/33 MP: 2/2
  1572 | D:2      | Reached XP level 4. HP: 7/41 MP: 3/3
  1682 | D:2      | Found a faded altar of an unknown god.
  2357 | D:3      | Slain by a gnoll

Illustrated notes

Levels and vault maps discovered:
D:1:      psy_arrival_conway, layout_basic
D:2:      layout_basic, hellmonk_ecumenical_altar_arch_garden
D:3:      layout_rooms, grunt_gozag_breadcrumbs, hex_tiny

Skill      XL: |  1  2  3 |
---------------+----------+-----
Fighting       | 4 |  4.4
Long Blades    | 4 |  4.8
Armour         | 3 |  3.0
Dodging        | |  2.5

Action                   |  1- 3 |  4- 6 || total
-------------------------+-------+-------++-------
Melee: Falchion          |   407 |     6 ||   413
       Headbutt          |    99 |     2 ||   101
       Punch             |     3 |       ||     3
  Use: Scroll            |     1 |       ||     1
Armor: Animal skin       |    15 |     2 ||    17
Dodge: Dodged            |    56 |     5 ||    61
